Maple Leafs vs Kings
(R1)
Created - October 29, 2023 at 10:05
Goals
|
| Maple Leafs |
0 |
0 |
2 |
1 |
3 |
| Kings |
0 |
1 |
1 |
0 |
2 |
|
Shots
|
| Maple Leafs |
3 |
12 |
10 |
1 |
26 |
| Kings |
5 |
8 |
10 |
0 |
23 |
|
1st period
No Goal
Penalties :
Jason Zucker (TOR) for High sticking (Minor) at 6:17, Hampus Lindholm (L.A) for Slashing (Minor) at 12:47, Anze Kopitar (L.A) for Diving (Minor) at 15:55, Tye McGinn (TOR) for High sticking (Minor) at 18:23
2nd period
1. Kings , Chris Kreider 3 (Mitch Marner 3, Hampus Lindholm 4) at 10:39
Penalties :
Brandon Saad (TOR) for Hooking (Minor) at 1:21, Alexandar Georgiev (L.A) for Slashing (Minor) at 8:16 - Chris Kreider served the penalty, Anze Kopitar (L.A) for Hooking (Minor) at 13:00, Matthew Tkachuk (L.A) for Interference (Minor) at 16:15
3rd period
2. Kings , Chris Kreider 4 (Mitch Marner 4, Cam Fowler 1) at 5:49
3. Maple Leafs , Andre Burakovsky 1 (Jason Zucker 3, Luke Schenn 2) at 10:16
4. Maple Leafs , Elias Pettersson 1 (Tye McGinn 2, Brenden Dillon 3) at 15:32
Penalties :
Brayden Schenn (TOR) for Holding (Minor) at 0:51, Sean Bergenheim (L.A) for Holding (Minor) at 5:56, Adam Fox (L.A) for Hooking (Minor) at 13:15
Overtime #1
5. Maple Leafs , Brayden Schenn 3 (Bo Horvat 5) at 0:04
Penalties :
No Penalty
Goalie Stats
Kristers Gudlevskis (TOR), 21 saves from 23 shots - (0.913), W, 2-2-0, 60:04 minutes
Alexandar Georgiev (L.A), 23 saves from 26 shots - (0.885), OTL, 1-3-1, 60:04 minutes
Players Stats for Maple Leafs
Player Name G A P +/- PIM S H SB GA TA FO MP PP MP PK MP
------------------------------------------------------------------------------------
Andre Burakovsky 1 0 1 1 0 5 1 1 1 0 0/0 20:16 6:41 0:00
Ben Smith 0 0 0 -1 0 0 1 0 0 0 0/0 20:36 6:17 4:21
Bo Horvat 0 1 1 2 0 3 4 0 0 1 9/23 22:01 6:38 2:25
Brandon Saad 0 0 0 -1 2 1 0 0 0 1 1/1 9:17 0:48 2:27
Brayden Schenn 1 0 1 0 2 2 2 0 0 0 7/19 19:17 6:17 3:08
Brenden Dillon 0 1 1 -1 0 0 1 1 0 1 0/0 15:05 0:00 3:17
Elias Pettersson 1 0 1 1 0 2 0 0 0 0 4/7 11:56 0:52 1:25
Evander Kane 0 0 0 -1 0 0 4 2 0 1 0/0 16:57 6:18 0:43
Haydn Fleury 0 0 0 -1 0 0 1 0 0 1 0/0 12:13 0:00 0:30
Jason Zucker 0 1 1 1 2 4 2 0 0 0 1/1 19:48 6:41 0:00
John Klingberg 0 0 0 1 0 3 2 0 0 0 0/0 23:58 8:25 4:09
Jon Merrill 0 0 0 1 0 0 0 2 1 2 0/0 26:12 5:28 4:09
Luke Schenn 0 1 1 1 0 1 0 0 0 0 0/0 18:46 5:28 3:17
Nicholas Baptiste 0 0 0 1 0 0 1 0 1 0 1/2 10:05 0:49 0:00
Patrice Cormier 0 0 0 -1 0 0 0 0 0 0 2/5 5:39 0:06 0:00
Pontus Aberg 0 0 0 -1 0 2 3 0 0 0 0/1 5:39 0:06 0:00
Tye McGinn 0 1 1 1 2 1 3 0 0 1 0/0 10:37 0:06 1:23
Zach Werenski 0 0 0 0 0 2 1 1 0 0 0/0 23:50 8:25 0:30
Players Stats for Kings
Player Name G A P +/- PIM S H SB GA TA FO MP PP MP PK MP
------------------------------------------------------------------------------------
Adam Fox 0 0 0 0 2 0 3 1 0 0 0/0 16:31 4:43 0:54
Aleksander Barkov 0 0 0 0 0 3 0 0 1 0 8/13 16:28 4:23 0:51
Alex DeBrincat 0 0 0 0 0 0 0 0 0 0 0/1 12:06 4:23 0:00
Anze Kopitar 0 0 0 2 4 4 2 0 0 1 6/9 13:25 0:00 2:58
Auston Matthews 0 0 0 -2 0 0 0 0 0 0 5/9 14:55 3:33 0:00
Cam Fowler 0 1 1 1 0 1 3 0 0 0 0/0 21:12 3:13 5:44
Chris Kreider 2 0 2 1 0 4 1 0 3 0 0/1 16:09 3:33 1:04
Hampus Lindholm 0 1 1 -2 2 1 1 3 1 1 0/0 21:10 4:43 0:00
Jared Cowen 0 0 0 -1 0 2 2 1 1 1 0/0 22:16 0:00 7:15
Joe Pavelski 0 0 0 0 0 0 1 1 0 0 0/2 14:57 0:00 7:34
Jordan Eberle 0 0 0 -1 0 2 1 0 1 0 2/3 15:02 3:13 3:00
Marc Staal 0 0 0 0 0 0 1 1 1 0 0/0 18:51 0:00 8:09
Matthew Tkachuk 0 0 0 -2 2 2 2 0 0 0 2/2 14:59 3:33 0:00
Michael Matheson 0 0 0 1 0 0 0 2 0 0 0/0 16:23 0:00 5:44
Mitch Marner 0 2 2 2 0 2 0 0 0 0 1/2 13:30 4:23 0:00
Ryan Getzlaf 0 0 0 0 0 0 1 3 0 0 10/17 14:04 0:00 7:25
Sean Bergenheim 0 0 0 -2 2 2 2 0 0 0 0/0 12:31 0:00 0:22
Zac Rinaldo 0 0 0 0 0 0 3 0 0 0 0/0 11:44 0:00 4:32
3 Stars
1 - Chris Kreider (L.A)
2 - Bo Horvat (TOR)
3 - Andre Burakovsky (TOR)
Power Play
Maple Leafs - 0 on 7 Attempt(s) - 0.00%
Kings - 0 on 4 Attempt(s) - 0.00%
Penalty Kill
Maple Leafs - 4 on 4 Attempt(s) - 100.00%
- Score 0 goal in Penalty Kill
Kings - 7 on 7 Attempt(s) - 100.00%
- Score 0 goal in Penalty Kill
Team Stat
Maple Leafs - Hits : 26 - Faceoff Wins : 25 - Blocked Shots : 7 - Penalty Minutes : 8
Kings - Hits : 23 - Faceoff Wins : 34 - Blocked Shots : 12 - Penalty Minutes : 14
Official
Referees : Pierre Lambert and Michael Markovic
Linesman : Shandor Alphonso and James Tobias
Game Notes
No Game Note
Finance
Level 1 -- Attendance: 5314 (88.57%) -- Ticket Income $531,400
Level 2 -- Attendance: 5000 (100.00%) -- Ticket Income $300,000
Level 3 -- Attendance: 2000 (100.00%) -- Ticket Income $70,000
Level 4 -- Attendance: 3563 (89.08%) -- Ticket Income $89,075
Luxury Box -- Attendance: 937 (93.70%) -- Ticket Income $187,400
Game was played at the Staples Center.
Total Attendance: 16814 (93.41%)
Total Ticket Income: $1,177,875
Other Income: $176,681
Total Income: $1,354,556
Maple Leafs
5 vs 5 Forward
Center Left Wing Right Wing Time % Phy DF OF
1 Bo Horvat Jason Zucker Andre Burakovsky 40 1 1 3
2 Brayden Schenn Evander Kane Ben Smith 30 1 2 2
3 Elias Pettersson Tye McGinn Nicholas Baptiste 20 1 2 2
4 Patrice Cormier Brandon Saad Pontus Aberg 10 1 2 2
5 vs 5 Defense
Defense Defense Time % Phy DF OF
1 Jon Merrill Zach Werenski 40 1 3 1
2 Luke Schenn John Klingberg 30 1 3 1
3 Brenden Dillon Haydn Fleury 20 1 3 1
4 Jon Merrill John Klingberg 10 1 3 1
PowerPlay Forward
Center Left Wing Right Wing Time % Phy DF OF
1 Bo Horvat Jason Zucker Andre Burakovsky 60 0 4 1
2 Brayden Schenn Evander Kane Ben Smith 40 0 4 1
PowerPlay Defense
Defense Defense Time % Phy DF OF
1 John Klingberg Zach Werenski 60 0 2 3
2 Jon Merrill Luke Schenn 40 0 2 3
Penalty Kill 4 Players Forward
Center Wing Time % Phy DF OF
1 Brayden Schenn Ben Smith 60 1 3 1
2 Bo Horvat Tye McGinn 40 1 3 1
Penalty Kill 4 Players Defense
Defense Defense Time % Phy DF OF
1 Jon Merrill John Klingberg 60 1 4 0
2 Luke Schenn Brenden Dillon 40 1 4 0
Penalty Kill - 3 Players Forward
Forward Time % Phy DF OF
1 Brayden Schenn 60 1 3 1
2 Bo Horvat 40 1 3 1
Penalty Kill - 3 Players Defense
Defense Defense Time % Phy DF OF
1 Jon Merrill John Klingberg 60 1 4 0
2 Luke Schenn Brenden Dillon 40 1 4 0
4 vs 4 Forward
Center Wing Time % Phy DF OF
1 Brayden Schenn Ben Smith 60 1 2 2
2 Bo Horvat Tye McGinn 40 1 2 2
4 vs 4 Defense
Defense Defense Time % Phy DF OF
1 Jon Merrill John Klingberg 60 1 3 1
2 Luke Schenn Brenden Dillon 40 1 3 1
Last Minutes Offensive
Center Left Wing Right Wing Defense Defense
Bo Horvat Jason Zucker Andre Burakovsky John Klingberg Zach Werenski
Last Minutes Defensive
Center Left Wing Right Wing Defense Defense
Brayden Schenn Evander Kane Ben Smith Jon Merrill Haydn Fleury
Goaltenders
Starting : Kristers Gudlevskis
Backup : Pavel Francouz
Extra Forwards
Normal : Elias Pettersson, Ben Smith, Andre Burakovsky - PP : Elias Pettersson, Jason Zucker - PK : Brandon Saad
Extra Defensemen
Normal : Zach Werenski, Brenden Dillon, Luke Schenn - PP : Brenden Dillon - PK : Zach Werenski, Haydn Fleury
Penalty Shots
Andre Burakovsky, Elias Pettersson, Evander Kane, John Klingberg, Brayden Schenn
Custom OT Lines Forwards
Brayden Schenn, Bo Horvat, Evander Kane, Andre Burakovsky, Elias Pettersson, Jason Zucker, Ben Smith, Nicholas Baptiste, Tye McGinn, Brandon Saad
Custom OT Lines Defensemen
Jon Merrill, John Klingberg, Zach Werenski, Luke Schenn, Brenden Dillon
Scratches
Brett Pesce (Healthy), Valentin Zykov (Healthy)
Kings
5 vs 5 Forward
Center Left Wing Right Wing Time % Phy DF OF
1 Anze Kopitar Chris Kreider Mitch Marner 30 1 1 3
2 Aleksander Barkov Alex DeBrincat Jordan Eberle 30 1 1 3
3 Auston Matthews Sean Bergenheim Matthew Tkachuk 30 1 2 2
4 Ryan Getzlaf Zac Rinaldo Joe Pavelski 10 1 2 2
5 vs 5 Defense
Defense Defense Time % Phy DF OF
1 Hampus Lindholm Jared Cowen 40 1 4 0
2 Marc Staal Adam Fox 35 0 3 2
3 Michael Matheson Cam Fowler 25 1 3 1
4 Hampus Lindholm Jared Cowen 0 1 2 2
PowerPlay Forward
Center Left Wing Right Wing Time % Phy DF OF
1 Aleksander Barkov Alex DeBrincat Mitch Marner 60 1 1 3
2 Auston Matthews Chris Kreider Matthew Tkachuk 40 1 1 3
PowerPlay Defense
Defense Defense Time % Phy DF OF
1 Hampus Lindholm Adam Fox 70 0 2 3
2 Cam Fowler Jordan Eberle 30 0 3 2
Penalty Kill 4 Players Forward
Center Wing Time % Phy DF OF
1 Ryan Getzlaf Joe Pavelski 60 1 2 2
2 Anze Kopitar Zac Rinaldo 40 1 2 2
Penalty Kill 4 Players Defense
Defense Defense Time % Phy DF OF
1 Marc Staal Jared Cowen 60 1 2 2
2 Cam Fowler Michael Matheson 40 1 2 2
Penalty Kill - 3 Players Forward
Forward Time % Phy DF OF
1 Anze Kopitar 60 1 2 2
2 Ryan Getzlaf 40 1 2 2
Penalty Kill - 3 Players Defense
Defense Defense Time % Phy DF OF
1 Marc Staal Jared Cowen 60 1 2 2
2 Cam Fowler Michael Matheson 40 1 2 2
4 vs 4 Forward
Center Wing Time % Phy DF OF
1 Anze Kopitar Chris Kreider 60 1 2 2
2 Aleksander Barkov Jordan Eberle 40 1 2 2
4 vs 4 Defense
Defense Defense Time % Phy DF OF
1 Hampus Lindholm Cam Fowler 60 1 2 2
2 Jared Cowen Adam Fox 40 1 2 2
Last Minutes Offensive
Center Left Wing Right Wing Defense Defense
Anze Kopitar Chris Kreider Jordan Eberle Hampus Lindholm Adam Fox
Last Minutes Defensive
Center Left Wing Right Wing Defense Defense
Anze Kopitar Chris Kreider Jordan Eberle Marc Staal Jared Cowen
Goaltenders
Starting : Alexandar Georgiev
Backup : Eric Comrie
Extra Forwards
Normal : Anze Kopitar, Aleksander Barkov, Auston Matthews - PP : Anze Kopitar, Joe Pavelski - PK : Jordan Eberle
Extra Defensemen
Normal : Hampus Lindholm, Jared Cowen, Marc Staal - PP : Jared Cowen - PK : Hampus Lindholm, Adam Fox
Penalty Shots
Alex DeBrincat, Auston Matthews, Chris Kreider, Jordan Eberle, Anze Kopitar
Custom OT Lines Forwards
Chris Kreider, Jordan Eberle, Anze Kopitar, Aleksander Barkov, Joe Pavelski, Sean Bergenheim, Auston Matthews, Alex DeBrincat, Mitch Marner, Matthew Tkachuk
Custom OT Lines Defensemen
Hampus Lindholm, Jared Cowen, Cam Fowler, Marc Staal, Adam Fox
Scratches
Darroll Powe (Healthy), Roman Josi (Healthy)
% Time on Ice - Maple Leafs
Lines # - Real PCT - Wanted PCT - Time Play
Normal Forward
1 - 35% - 40% - 13:18
2 - 28% - 30% - 10:39
3 - 23% - 20% - 8:55
4 - 14% - 10% - 5:19
Normal Defense
1 - 43% - 40% - 16:27
2 - 26% - 30% - 10:01
3 - 31% - 20% - 11:43
4 - 0% - 10% - 0:00
PP Forward
1 - 48% - 60% - 6:41
2 - 52% - 40% - 7:12
PP Defense
1 - 61% - 60% - 8:25
2 - 39% - 40% - 5:28
PK Forward
1 - 74% - 60% - 5:51
2 - 26% - 40% - 2:05
PK Defense
1 - 59% - 60% - 4:39
2 - 41% - 40% - 3:17
PK3 Forward
1 - 0% - 60%
2 - 0% - 40%
PK3 Defense
1 - 0% - 60%
2 - 0% - 40%
44 Forward
1 - 0% - 60%
2 - 0% - 40%
44 Defense
1 - 0% - 60%
2 - 0% - 40%
Last Minute Offensive - 0:00
Last Minute Defensive - 0:00
Total
Forward - 60:00
Defense - 60:00
|
% Time on Ice - Kings
Lines # - Real PCT - Wanted PCT - Time Play
Normal Forward
1 - 32% - 30% - 12:16
2 - 24% - 30% - 9:21
3 - 27% - 30% - 10:30
4 - 16% - 10% - 6:04
Normal Defense
1 - 42% - 40% - 16:10
2 - 36% - 35% - 13:44
3 - 22% - 25% - 8:17
4 - 0% - 0% - 0:00
PP Forward
1 - 55% - 60% - 4:23
2 - 45% - 40% - 3:33
PP Defense
1 - 59% - 70% - 4:43
2 - 41% - 30% - 3:13
PK Forward
1 - 67% - 60% - 9:21
2 - 33% - 40% - 4:32
PK Defense
1 - 59% - 60% - 8:09
2 - 41% - 40% - 5:44
PK3 Forward
1 - 0% - 60%
2 - 0% - 40%
PK3 Defense
1 - 0% - 60%
2 - 0% - 40%
44 Forward
1 - 0% - 60%
2 - 0% - 40%
44 Defense
1 - 0% - 60%
2 - 0% - 40%
Last Minute Offensive - 0:00
Last Minute Defensive - 0:00
Total
Forward - 60:00
Defense - 60:00
|
Play-by-Play
1st period
0:01 of 1st period - Anze Kopitar wins face-off versus Bo Horvat in neutral zone.
0:17 of 1st period - Snap shot by Chris Kreider.
0:17 of 1st period - Stopped by Kristers Gudlevskis with a rebound.
0:27 of 1st period - Hampus Lindholm is hit by Brayden Schenn.
0:56 of 1st period - Snap shot by Sean Bergenheim.
0:56 of 1st period - Stopped by Kristers Gudlevskis without a rebound.
0:57 of 1st period - Ryan Getzlaf wins face-off versus Patrice Cormier in Maple Leafs zone.
1:22 of 1st period - John Klingberg is hit by Sean Bergenheim and loses puck.
1:31 of 1st period - Sean Bergenheim is hit by Brenden Dillon and loses puck.
1:53 of 1st period - Wrist shot by Evander Kane.
1:53 of 1st period - Shot Misses the Net.
3:36 of 1st period - Slapshot by Anze Kopitar.
3:36 of 1st period - Shot Misses the Net.
4:38 of 1st period - Wrist shot by Aleksander Barkov.
4:38 of 1st period - Stopped by Kristers Gudlevskis without a rebound.
4:39 of 1st period - Bo Horvat wins face-off versus Anze Kopitar in Maple Leafs zone.
5:13 of 1st period - Jon Merrill is hit by Jared Cowen and loses puck.
5:36 of 1st period - Alex DeBrincat is hit by Pontus Aberg and loses puck.
5:47 of 1st period - Luke Schenn is hit by Ryan Getzlaf and loses puck.
6:17 of 1st period - Minor Penalty to Jason Zucker for High sticking.
6:18 of 1st period - Brayden Schenn wins face-off versus Alex DeBrincat in Maple Leafs zone.
7:59 of 1st period - Cam Fowler is hit by Tye McGinn and loses puck.
8:16 of 1st period - Brandon Saad is hit by Adam Fox and loses puck.
8:17 of 1st period - Penalty to Jason Zucker is over, Jason Zucker is back on ice.
8:23 of 1st period - Auston Matthews is hit by Ben Smith and loses puck.
8:30 of 1st period - Wrist shot by Jason Zucker.
8:30 of 1st period - Stopped by Alexandar Georgiev without a rebound.
8:31 of 1st period - Bo Horvat wins face-off versus Joe Pavelski in Kings zone.
8:42 of 1st period - Bo Horvat is hit by Cam Fowler and loses puck.
8:49 of 1st period - Bo Horvat is hit by Joe Pavelski and loses puck.
9:26 of 1st period - Slapshot by John Klingberg.
9:26 of 1st period - Stopped by Alexandar Georgiev without a rebound.
9:27 of 1st period - Brayden Schenn wins face-off versus Aleksander Barkov in Kings zone.
9:53 of 1st period - Adam Fox is hit by Jason Zucker and loses puck.
9:58 of 1st period - Backhand shot by Andre Burakovsky.
9:58 of 1st period - Deflect By Jason Zucker.
9:58 of 1st period - Stopped by Alexandar Georgiev without a rebound.
9:59 of 1st period - Anze Kopitar wins face-off versus Elias Pettersson in Kings zone.
10:04 of 1st period - Snap shot by Elias Pettersson.
10:04 of 1st period - Shot Blocked by Hampus Lindholm.
10:06 of 1st period - Slapshot by Brenden Dillon.
10:06 of 1st period - Shot Misses the Net.
10:59 of 1st period - Slapshot by Matthew Tkachuk.
10:59 of 1st period - Shot Blocked by Brenden Dillon.
11:31 of 1st period - Snap shot by Matthew Tkachuk.
11:31 of 1st period - Stopped by Kristers Gudlevskis with a rebound.
12:08 of 1st period - Wrist shot by Jason Zucker.
12:08 of 1st period - Shot Misses the Net.
12:30 of 1st period - Slapshot by Hampus Lindholm.
12:30 of 1st period - Shot Blocked by Andre Burakovsky.
12:47 of 1st period - Minor Penalty to Hampus Lindholm for Slashing.
12:48 of 1st period - Ryan Getzlaf wins face-off versus Brayden Schenn in Kings zone.
12:48 of 1st period - Ryan Getzlaf is hit by Brayden Schenn.
13:32 of 1st period - Cam Fowler is hit by Evander Kane and loses puck.
14:47 of 1st period - Penalty to Hampus Lindholm is over, Hampus Lindholm is back on ice.
14:54 of 1st period - Zach Werenski is hit by Cam Fowler and loses puck.
15:04 of 1st period - Icing by Aleksander Barkov.
15:05 of 1st period - Aleksander Barkov wins face-off versus Patrice Cormier in Kings zone.
15:15 of 1st period - Brandon Saad is hit by Chris Kreider and loses puck.
15:32 of 1st period - Aleksander Barkov is hit by Tye McGinn and loses puck.
15:50 of 1st period - Off-side.
15:51 of 1st period - Brayden Schenn wins face-off versus Anze Kopitar in neutral zone.
15:55 of 1st period - Minor Penalty to Anze Kopitar for Diving.
15:56 of 1st period - Bo Horvat wins face-off versus Ryan Getzlaf in Kings zone.
16:51 of 1st period - Zac Rinaldo is hit by Bo Horvat and loses puck.
17:55 of 1st period - Penalty to Anze Kopitar is over, Anze Kopitar is back on ice.
18:23 of 1st period - Minor Penalty to Tye McGinn for High sticking.
18:24 of 1st period - Mitch Marner wins face-off versus Brayden Schenn in Maple Leafs zone.
18:50 of 1st period - Slapshot by Chris Kreider.
18:50 of 1st period - Shot Misses the Net.
18:52 of 1st period - Wrist shot by Jordan Eberle.
18:52 of 1st period - Stopped by Kristers Gudlevskis with a rebound.
19:41 of 1st period - Icing by Hampus Lindholm.
19:42 of 1st period - Elias Pettersson wins face-off versus Auston Matthews in Kings zone.
Goals for this period are 0 for Maple Leafs vs 0 for Kings.
Shots for this period are 3 for Maple Leafs vs 5 for Kings.
2nd period
0:01 of 2nd period - Aleksander Barkov wins face-off versus Brayden Schenn in neutral zone.
0:23 of 2nd period - Penalty to Tye McGinn is over, Tye McGinn is back on ice.
0:49 of 2nd period - Slapshot by John Klingberg.
0:49 of 2nd period - Shot Blocked by Michael Matheson.
1:21 of 2nd period - Minor Penalty to Brandon Saad for Hooking.
1:22 of 2nd period - Brayden Schenn wins face-off versus Aleksander Barkov in Maple Leafs zone.
2:44 of 2nd period - Matthew Tkachuk is hit by John Klingberg and loses puck.
3:21 of 2nd period - Penalty to Brandon Saad is over, Brandon Saad is back on ice.
3:33 of 2nd period - Ryan Getzlaf is hit by Pontus Aberg.
4:58 of 2nd period - Slapshot by Brandon Saad.
4:58 of 2nd period - Stopped by Alexandar Georgiev without a rebound.
4:59 of 2nd period - Patrice Cormier wins face-off versus Chris Kreider in Kings zone.
5:00 of 2nd period - Snap shot by Pontus Aberg.
5:00 of 2nd period - Deflect By Mitch Marner.
5:00 of 2nd period - Shot Misses the Net.
5:00 of 2nd period - Puck is out of play.
5:01 of 2nd period - Patrice Cormier wins face-off versus Anze Kopitar in Kings zone.
5:16 of 2nd period - Wrist shot by Mitch Marner.
5:16 of 2nd period - Stopped by Kristers Gudlevskis without a rebound.
5:17 of 2nd period - Jordan Eberle wins face-off versus Brayden Schenn in Maple Leafs zone.
5:18 of 2nd period - Wrist shot by Aleksander Barkov.
5:18 of 2nd period - Shot Blocked by Evander Kane.
5:21 of 2nd period - Icing by Evander Kane.
5:22 of 2nd period - Jordan Eberle wins face-off versus Brayden Schenn in Maple Leafs zone.
6:01 of 2nd period - Slapshot by Auston Matthews.
6:01 of 2nd period - Shot Blocked by Evander Kane.
6:32 of 2nd period - Off-side.
6:33 of 2nd period - Ryan Getzlaf wins face-off versus Elias Pettersson in neutral zone.
6:45 of 2nd period - Zach Werenski is hit by Cam Fowler and loses puck.
7:27 of 2nd period - Tye McGinn is hit by Matthew Tkachuk and loses puck.
8:16 of 2nd period - Wrist shot by Bo Horvat.
8:16 of 2nd period - Stopped by Alexandar Georgiev without a rebound.
8:16 of 2nd period - Minor Penalty to Alexandar Georgiev for Slashing.
8:17 of 2nd period - Bo Horvat wins face-off versus Ryan Getzlaf in Kings zone.
8:20 of 2nd period - Slapshot by Zach Werenski.
8:20 of 2nd period - Stopped by Alexandar Georgiev without a rebound.
8:21 of 2nd period - Ryan Getzlaf wins face-off versus Bo Horvat in Kings zone.
9:44 of 2nd period - Jason Zucker is hit by Anze Kopitar and loses puck.
10:16 of 2nd period - Penalty to Chris Kreider is over, Chris Kreider is back on ice.
10:25 of 2nd period - Snap shot by Pontus Aberg.
10:25 of 2nd period - Stopped by Alexandar Georgiev with a rebound.
10:27 of 2nd period - Slapshot by Haydn Fleury.
10:27 of 2nd period - Deflect By Pontus Aberg.
10:27 of 2nd period - Stopped by Alexandar Georgiev without a rebound.
10:28 of 2nd period - Anze Kopitar wins face-off versus Pontus Aberg in Kings zone.
10:39 of 2nd period - Wrist shot by Chris Kreider.
10:39 of 2nd period - Goal by Chris Kreider - Maple Leafs : 0 - Kings : 1.
10:40 of 2nd period - Aleksander Barkov wins face-off versus Bo Horvat in neutral zone.
10:43 of 2nd period - Wrist shot by Hampus Lindholm.
10:43 of 2nd period - Stopped by Kristers Gudlevskis without a rebound.
10:44 of 2nd period - Bo Horvat wins face-off versus Aleksander Barkov in Maple Leafs zone.
10:57 of 2nd period - Wrist shot by Andre Burakovsky.
10:57 of 2nd period - Stopped by Alexandar Georgiev without a rebound.
10:58 of 2nd period - Brayden Schenn wins face-off versus Aleksander Barkov in Kings zone.
11:09 of 2nd period - Snap shot by Evander Kane.
11:09 of 2nd period - Shot Blocked by Hampus Lindholm.
11:25 of 2nd period - Andre Burakovsky is hit by Hampus Lindholm and loses puck.
11:52 of 2nd period - Andre Burakovsky is hit by Marc Staal and loses puck.
12:19 of 2nd period - Snap shot by Elias Pettersson.
12:19 of 2nd period - Deflect By Nicholas Baptiste.
12:19 of 2nd period - Shot Misses the Net.
12:19 of 2nd period - Puck is out of play.
12:20 of 2nd period - Aleksander Barkov wins face-off versus Brayden Schenn in Kings zone.
12:33 of 2nd period - Snap shot by Aleksander Barkov.
12:33 of 2nd period - Stopped by Kristers Gudlevskis with a rebound.
12:35 of 2nd period - Snap shot by Jared Cowen.
12:35 of 2nd period - Stopped by Kristers Gudlevskis with a rebound.
12:37 of 2nd period - Slapshot by Jared Cowen.
12:37 of 2nd period - Deflect By Luke Schenn.
12:37 of 2nd period - Stopped by Kristers Gudlevskis without a rebound.
12:38 of 2nd period - Anze Kopitar wins face-off versus Nicholas Baptiste in Maple Leafs zone.
12:41 of 2nd period - Snap shot by Mitch Marner.
12:41 of 2nd period - Stopped by Kristers Gudlevskis with a rebound.
12:49 of 2nd period - Snap shot by Nicholas Baptiste.
12:49 of 2nd period - Shot Misses the Net.
13:00 of 2nd period - Minor Penalty to Anze Kopitar for Hooking.
13:01 of 2nd period - Ryan Getzlaf wins face-off versus Bo Horvat in Kings zone.
13:01 of 2nd period - Ryan Getzlaf is hit by Jason Zucker.
13:36 of 2nd period - Slapshot by Zach Werenski.
13:36 of 2nd period - Shot Blocked by Marc Staal.
13:38 of 2nd period - Slapshot by John Klingberg.
13:38 of 2nd period - Stopped by Alexandar Georgiev with a rebound.
13:46 of 2nd period - Backhand shot by Andre Burakovsky.
13:46 of 2nd period - Stopped by Alexandar Georgiev without a rebound.
13:47 of 2nd period - Ryan Getzlaf wins face-off versus Brayden Schenn in Kings zone.
15:00 of 2nd period - Penalty to Anze Kopitar is over, Anze Kopitar is back on ice.
15:05 of 2nd period - Zac Rinaldo is hit by Tye McGinn and loses puck.
15:34 of 2nd period - Brandon Saad is hit by Anze Kopitar and loses puck.
15:45 of 2nd period - Zac Rinaldo is hit by Pontus Aberg and loses puck.
15:49 of 2nd period - Icing by Hampus Lindholm.
15:50 of 2nd period - Aleksander Barkov wins face-off versus Bo Horvat in Kings zone.
15:59 of 2nd period - Wrist shot by Anze Kopitar.
15:59 of 2nd period - Shot Misses the Net.
16:01 of 2nd period - Wrist shot by Zac Rinaldo.
16:01 of 2nd period - Shot Misses the Net.
16:03 of 2nd period - Slapshot by Cam Fowler.
16:03 of 2nd period - Shot Blocked by Jon Merrill.
16:05 of 2nd period - Snap shot by Zac Rinaldo.
16:05 of 2nd period - Shot Blocked by Zach Werenski.
16:07 of 2nd period - Snap shot by Anze Kopitar.
16:07 of 2nd period - Stopped by Kristers Gudlevskis without a rebound.
16:08 of 2nd period - Brayden Schenn wins face-off versus Auston Matthews in Maple Leafs zone.
16:08 of 2nd period - Brayden Schenn is hit by Matthew Tkachuk.
16:15 of 2nd period - Minor Penalty to Matthew Tkachuk for Interference.
16:16 of 2nd period - Bo Horvat wins face-off versus Ryan Getzlaf in Kings zone.
16:23 of 2nd period - Snap shot by Andre Burakovsky.
16:23 of 2nd period - Stopped by Alexandar Georgiev without a rebound.
16:24 of 2nd period - Ryan Getzlaf wins face-off versus Bo Horvat in Kings zone.
16:33 of 2nd period - Marc Staal is hit by Andre Burakovsky and loses puck.
17:00 of 2nd period - Wrist shot by Bo Horvat.
17:00 of 2nd period - Shot Misses the Net.
17:02 of 2nd period - Snap shot by Bo Horvat.
17:02 of 2nd period - Stopped by Alexandar Georgiev with a rebound.
17:04 of 2nd period - Snap shot by Jason Zucker.
17:04 of 2nd period - Shot Misses the Net.
17:06 of 2nd period - Snap shot by Bo Horvat.
17:06 of 2nd period - Deflect By Jason Zucker.
17:06 of 2nd period - Stopped by Alexandar Georgiev without a rebound.
17:07 of 2nd period - Ryan Getzlaf wins face-off versus Brayden Schenn in Kings zone.
17:20 of 2nd period - Wrist shot by Evander Kane.
17:20 of 2nd period - Shot Blocked by Ryan Getzlaf.
17:22 of 2nd period - Snap shot by Brayden Schenn.
17:22 of 2nd period - Stopped by Alexandar Georgiev with a rebound.
17:24 of 2nd period - Slapshot by Luke Schenn.
17:24 of 2nd period - Shot Blocked by Ryan Getzlaf.
18:15 of 2nd period - Penalty to Matthew Tkachuk is over, Matthew Tkachuk is back on ice.
18:18 of 2nd period - Matthew Tkachuk is hit by Nicholas Baptiste and loses puck.
18:43 of 2nd period - Snap shot by Aleksander Barkov.
18:43 of 2nd period - Shot Misses the Net.
19:04 of 2nd period - Jared Cowen is hit by Bo Horvat and loses puck.
Goals for this period are 0 for Maple Leafs vs 1 for Kings.
Shots for this period are 12 for Maple Leafs vs 8 for Kings.
3rd period
0:01 of 3rd period - Auston Matthews wins face-off versus Bo Horvat in neutral zone.
0:13 of 3rd period - Backhand shot by Zach Werenski.
0:13 of 3rd period - Stopped by Alexandar Georgiev without a rebound.
0:14 of 3rd period - Aleksander Barkov wins face-off versus Bo Horvat in Kings zone.
0:19 of 3rd period - Jon Merrill is hit by Jordan Eberle and loses puck.
0:51 of 3rd period - Minor Penalty to Brayden Schenn for Holding.
0:52 of 3rd period - Brandon Saad wins face-off versus Aleksander Barkov in Maple Leafs zone.
1:34 of 3rd period - Wrist shot by Chris Kreider.
1:34 of 3rd period - Stopped by Kristers Gudlevskis without a rebound.
1:35 of 3rd period - Elias Pettersson wins face-off versus Mitch Marner in Maple Leafs zone.
2:06 of 3rd period - Brandon Saad is hit by Adam Fox.
2:10 of 3rd period - Mitch Marner is hit by John Klingberg and loses puck.
2:51 of 3rd period - Penalty to Brayden Schenn is over, Brayden Schenn is back on ice.
3:01 of 3rd period - Joe Pavelski is hit by Zach Werenski and loses puck.
3:08 of 3rd period - Wrist shot by Andre Burakovsky.
3:08 of 3rd period - Shot Misses the Net.
4:56 of 3rd period - Icing by Jon Merrill.
4:57 of 3rd period - Auston Matthews wins face-off versus Patrice Cormier in Maple Leafs zone.
5:08 of 3rd period - Snap shot by Sean Bergenheim.
5:08 of 3rd period - Shot Misses the Net.
5:34 of 3rd period - Alex DeBrincat is hit by Bo Horvat and loses puck.
5:49 of 3rd period - Snap shot by Chris Kreider.
5:49 of 3rd period - Goal by Chris Kreider - Maple Leafs : 0 - Kings : 2.
5:50 of 3rd period - Auston Matthews wins face-off versus Bo Horvat in neutral zone.
5:56 of 3rd period - Minor Penalty to Sean Bergenheim for Holding.
5:57 of 3rd period - Jason Zucker wins face-off versus Ryan Getzlaf in Kings zone.
7:05 of 3rd period - Jason Zucker is hit by Zac Rinaldo and loses puck.
7:38 of 3rd period - Jon Merrill is hit by Jared Cowen.
7:56 of 3rd period - Penalty to Sean Bergenheim is over, Sean Bergenheim is back on ice.
8:04 of 3rd period - Snap shot by Chris Kreider.
8:04 of 3rd period - Shot Misses the Net.
8:16 of 3rd period - Michael Matheson is hit by Evander Kane and loses puck.
8:27 of 3rd period - Brenden Dillon is hit by Sean Bergenheim and loses puck.
8:58 of 3rd period - Snap shot by Aleksander Barkov.
8:58 of 3rd period - Stopped by Kristers Gudlevskis with a rebound.
9:00 of 3rd period - Wrist shot by Aleksander Barkov.
9:00 of 3rd period - Shot Misses the Net.
9:14 of 3rd period - Wrist shot by Aleksander Barkov.
9:14 of 3rd period - Shot Misses the Net.
9:16 of 3rd period - Slapshot by Cam Fowler.
9:16 of 3rd period - Stopped by Kristers Gudlevskis without a rebound.
9:17 of 3rd period - Bo Horvat wins face-off versus Ryan Getzlaf in Maple Leafs zone.
9:17 of 3rd period - Bo Horvat is hit by Zac Rinaldo.
9:30 of 3rd period - Icing by Hampus Lindholm.
9:31 of 3rd period - Bo Horvat wins face-off versus Joe Pavelski in Kings zone.
9:46 of 3rd period - Snap shot by Bo Horvat.
9:46 of 3rd period - Deflect By Andre Burakovsky.
9:46 of 3rd period - Stopped by Alexandar Georgiev without a rebound.
9:47 of 3rd period - Bo Horvat wins face-off versus Ryan Getzlaf in Kings zone.
9:48 of 3rd period - Slapshot by Zach Werenski.
9:48 of 3rd period - Deflect By Jason Zucker.
9:48 of 3rd period - Stopped by Alexandar Georgiev without a rebound.
9:49 of 3rd period - Ryan Getzlaf wins face-off versus Bo Horvat in Kings zone.
10:01 of 3rd period - Off-side.
10:02 of 3rd period - Matthew Tkachuk wins face-off versus Bo Horvat in neutral zone.
10:10 of 3rd period - Wrist shot by John Klingberg.
10:10 of 3rd period - Deflect By Bo Horvat.
10:10 of 3rd period - Stopped by Alexandar Georgiev with a rebound.
10:12 of 3rd period - Snap shot by Luke Schenn.
10:12 of 3rd period - Deflect By Sean Bergenheim.
10:12 of 3rd period - Stopped by Alexandar Georgiev with a rebound.
10:14 of 3rd period - Wrist shot by Jason Zucker.
10:14 of 3rd period - Shot Misses the Net.
10:16 of 3rd period - Snap shot by Andre Burakovsky.
10:16 of 3rd period - Goal by Andre Burakovsky - Maple Leafs : 1 - Kings : 2.
10:17 of 3rd period - Matthew Tkachuk wins face-off versus Bo Horvat in neutral zone.
11:08 of 3rd period - Off-side.
11:09 of 3rd period - Aleksander Barkov wins face-off versus Brayden Schenn in neutral zone.
11:14 of 3rd period - Backhand shot by Aleksander Barkov.
11:14 of 3rd period - Shot Misses the Net.
11:16 of 3rd period - Wrist shot by Aleksander Barkov.
11:16 of 3rd period - Deflect By Jordan Eberle.
11:16 of 3rd period - Stopped by Kristers Gudlevskis with a rebound.
11:36 of 3rd period - Snap shot by Matthew Tkachuk.
11:36 of 3rd period - Stopped by Kristers Gudlevskis without a rebound.
11:37 of 3rd period - Auston Matthews wins face-off versus Elias Pettersson in Maple Leafs zone.
11:38 of 3rd period - Slapshot by Sean Bergenheim.
11:38 of 3rd period - Stopped by Kristers Gudlevskis with a rebound.
12:28 of 3rd period - Snap shot by Andre Burakovsky.
12:28 of 3rd period - Shot Misses the Net.
12:30 of 3rd period - Slapshot by Zach Werenski.
12:30 of 3rd period - Deflect By Andre Burakovsky.
12:30 of 3rd period - Shot Blocked by Hampus Lindholm.
12:30 of 3rd period - Puck is out of play.
12:31 of 3rd period - Auston Matthews wins face-off versus Bo Horvat in Kings zone.
12:58 of 3rd period - Icing by Michael Matheson.
12:59 of 3rd period - Aleksander Barkov wins face-off versus Brayden Schenn in Kings zone.
13:15 of 3rd period - Minor Penalty to Adam Fox for Hooking.
13:16 of 3rd period - Ryan Getzlaf wins face-off versus Bo Horvat in Kings zone.
13:30 of 3rd period - Snap shot by Andre Burakovsky.
13:30 of 3rd period - Shot Misses the Net.
13:40 of 3rd period - Joe Pavelski is hit by Bo Horvat and loses puck.
13:57 of 3rd period - Snap shot by Zach Werenski.
13:57 of 3rd period - Shot Blocked by Jared Cowen.
13:59 of 3rd period - Snap shot by Andre Burakovsky.
13:59 of 3rd period - Shot Misses the Net.
14:01 of 3rd period - Slapshot by John Klingberg.
14:01 of 3rd period - Shot Misses the Net.
14:03 of 3rd period - Wrist shot by Jason Zucker.
14:03 of 3rd period - Shot Blocked by Joe Pavelski.
14:05 of 3rd period - Wrist shot by John Klingberg.
14:05 of 3rd period - Stopped by Alexandar Georgiev without a rebound.
14:06 of 3rd period - Anze Kopitar wins face-off versus Brayden Schenn in Kings zone.
15:15 of 3rd period - Penalty to Adam Fox is over, Adam Fox is back on ice.
15:26 of 3rd period - Slapshot by Tye McGinn.
15:26 of 3rd period - Stopped by Alexandar Georgiev with a rebound.
15:28 of 3rd period - Wrist shot by Elias Pettersson.
15:28 of 3rd period - Stopped by Alexandar Georgiev with a rebound.
15:30 of 3rd period - Snap shot by Elias Pettersson.
15:30 of 3rd period - Shot Blocked by Michael Matheson.
15:32 of 3rd period - Slapshot by Elias Pettersson.
15:32 of 3rd period - Goal by Elias Pettersson - Maple Leafs : 2 - Kings : 2.
15:33 of 3rd period - Elias Pettersson wins face-off versus Auston Matthews in neutral zone.
16:07 of 3rd period - Snap shot by Mitch Marner.
16:07 of 3rd period - Shot Blocked by Jon Merrill.
16:29 of 3rd period - Off-side.
16:30 of 3rd period - Nicholas Baptiste wins face-off versus Ryan Getzlaf in neutral zone.
16:33 of 3rd period - Slapshot by Luke Schenn.
16:33 of 3rd period - Shot Blocked by Ryan Getzlaf.
16:35 of 3rd period - Wrist shot by Luke Schenn.
16:35 of 3rd period - Shot Blocked by Adam Fox.
17:16 of 3rd period - Snap shot by Anze Kopitar.
17:16 of 3rd period - Stopped by Kristers Gudlevskis with a rebound.
17:18 of 3rd period - Slapshot by Anze Kopitar.
17:18 of 3rd period - Stopped by Kristers Gudlevskis without a rebound.
17:19 of 3rd period - Anze Kopitar wins face-off versus Brayden Schenn in Maple Leafs zone.
17:36 of 3rd period - Anze Kopitar is hit by Evander Kane and loses puck.
17:47 of 3rd period - Slapshot by Zach Werenski.
17:47 of 3rd period - Shot Misses the Net.
18:09 of 3rd period - Chris Kreider is hit by Evander Kane and loses puck.
18:20 of 3rd period - Slapshot by Anze Kopitar.
18:20 of 3rd period - Stopped by Kristers Gudlevskis with a rebound.
18:22 of 3rd period - Slapshot by Michael Matheson.
18:22 of 3rd period - Deflect By Anze Kopitar.
18:22 of 3rd period - Shot Misses the Net.
18:22 of 3rd period - Puck is out of play.
18:23 of 3rd period - Elias Pettersson wins face-off versus Auston Matthews in Maple Leafs zone.
18:48 of 3rd period - Luke Schenn is hit by Zac Rinaldo and loses puck.
19:17 of 3rd period - Adam Fox is hit by Haydn Fleury and loses puck.
19:42 of 3rd period - Andre Burakovsky is hit by Adam Fox and loses puck.
Goals for this period are 2 for Maple Leafs vs 1 for Kings.
Shots for this period are 10 for Maple Leafs vs 10 for Kings.
Overtime #1
0:01 of 1st overtime period - Brayden Schenn wins face-off versus Jordan Eberle in neutral zone.
0:04 of 1st overtime period - Snap shot by Brayden Schenn.
0:04 of 1st overtime period - Goal by Brayden Schenn - Maple Leafs : 3 - Kings : 2.
Goals for this period are 1 for Maple Leafs vs 0 for Kings.
Shots for this period are 1 for Maple Leafs vs 0 for Kings.